 Dungeon Crawl Stone Soup version 0.30.0-19-g36f170ea60 (webtiles) character file.

Game seed: 14745754237665157152

742 Saqittel the Ducker (level 7, 60/60 HPs)
             Began as a Gnoll Monk on May 26, 2023.
             Was a Believer of Okawaru.
             Quit the game on level 4 of the Dungeon.
             The game lasted 00:31:57 (3063 turns).

Saqittel the Ducker (Gnoll Monk)                    Turns: 3063, Time: 00:31:58

Health: 60/60      AC: 10    Str: 11    XL:     7   Next: 76%
Magic:  11/11      EV: 11    Int: 13    God:    Okawaru [**....]
Gold:   262        SH:  0    Dex: 14    Spells: 11/11 levels left

rFire   . . .        y - +2 flail (chaos)
rCold   + . .        d - orb {light}
rNeg    . . .        A - +1 scale mail
rPois   +            (no helmet)
rElec   .            s - +2 cloak {rPois}
rCorr   .            (no gloves)
SInv    .            (no boots)
Will    ++...        (no amulet)
Stlth   +            n - ring of protection from cold
HPRegen 0.30/turn    i - +4 ring of slaying
MPRegen 0.12/turn

%: no passive effects
@: glowing
A: fangs 1, strong nose, distributed training, clever 1, strong-willed 2
a: Renounce Religion, Heroism


You were on level 4 of the Dungeon.
You worshipped Okawaru.
Okawaru was pleased with you.
You visited 1 branch of the dungeon, and saw 5 of its levels.
You also visited: Sewer.

You collected 262 gold pieces.

Inventory:

Hand Weapons
 a - a +0 spear
 p - a +0 club
 q - a +0 dagger
 w - a +0 falchion
 x - a +0 flail
 y - a +2 flail of chaos (weapon)
 B - a +2 dagger of speed
 C - a +0 spear of flaming
 E - a +0 whip
 F - a +1 dagger of draining
Missiles
 f - 39 stones (quivered)
Armour
 b - a +0 robe
 d - an orb of light (worn)
 g - a +0 ring mail
 s - a +2 cloak of poison resistance (worn)
 t - a +0 ring mail
 A - a +1 scale mail (worn)
Jewellery
 i - a +4 ring of slaying (right hand)
 n - a ring of protection from cold (left hand)
 v - a ring of ice
 D - a +5 ring of evasion
Scrolls
 e - a scroll of fear {unknown}
 h - a scroll of silence {unknown}
 j - 6 scrolls of teleportation
 k - a scroll of amnesia {unknown}
 m - 4 scrolls of identify
 u - a scroll of enchant armour
Potions
 c - a potion of ambrosia
 l - a potion of berserk rage {unknown}
 o - 3 potions of magic
 r - a potion of curing
 z - 3 potions of attraction


   Skills:
 + Level 7.2 Fighting
 + Level 2.8 Short Blades
 + Level 2.8 Long Blades
 + Level 2.8 Axes
 + Level 2.8 Maces & Flails
 + Level 7.2 Polearms
 + Level 2.8 Staves
 + Level 2.8 Ranged Weapons
 + Level 2.8 Throwing
 + Level 2.8 Armour
 + Level 7.2 Dodging
 + Level 2.8 Stealth
 + Level 2.8 Shields
 + Level 2.8 Unarmed Combat
 + Level 2.8 Spellcasting
 + Level 2.3 Conjurations
 + Level 2.3 Hexes
 + Level 2.3 Summonings
 + Level 2.3 Necromancy
 + Level 2.3 Translocations
 + Level 2.3 Transmutations
 + Level 2.3 Fire Magic
 + Level 2.3 Ice Magic
 + Level 2.3 Air Magic
 + Level 2.3 Earth Magic
 + Level 2.3 Poison Magic
 + Level 3.1 Invocations
 + Level 2.8 Evocations


You had 11 spell levels left.
You didn't know any spells.
Your spell library contained the following spells:

 Spells                   Type           Power      Damage    Failure   Level
 Orb of Destruction       Conj           3%         9d5       100%        7
 Summon Guardian Golem    Hex/Summ       Unusable   N/A       N/A         3
 Spellforged Servitor     Conj/Summ      Unusable   N/A       N/A         7

Dungeon Overview and Level Annotations

Branches:
Dungeon (5/15)              Sewer (visited)
 Temple: D:4-7

Altars:
Hepliaklqana
Okawaru
Qazlal

Shops:
D:1 (


Innate Abilities, Weirdness & Mutations

You have very sharp teeth.
Your uncanny sense of smell can sniff out nearby items.
Your experience applies equally to all skills.
Your mind is acute. (Int +4, Str/Dex -1)
You are highly strong-willed. (Will++)


Message History

You now have 248 gold pieces (gained 16).
You see here a +1 dagger of draining.
You see here a +1 dagger of draining.
F - a +1 dagger of draining
f - 32 stones (gained 3)
There are no items here.
You see here a +0 giant spiked club.
You see here a +0 morningstar.
You see here a +0 giant spiked club.
G - a +0 giant spiked club You drop a +0 giant spiked club.
It was a potion of mutation.
You feel extremely strange.
You feel strong-willed.
You feel more strong-willed.
You feel clever.
Okay, then.
You see here a +0 morningstar.
Found 14 gold pieces.
Found a scroll of enchant armour.
Found a stone staircase leading down.
You now have 262 gold pieces (gained 14).
u - a scroll of enchant armour
There is a stone staircase leading down here.
You open the door.
There is an open door here.
Found 7 stones.
f - 39 stones (gained 7)
Found an escape hatch in the ceiling.
There is a stormy altar of Qazlal here.
There are no items here.
You kneel at the altar of Qazlal.
There is a shaft here.
There is a shaft here.
There is a shaft here.
There is an escape hatch in the ceiling here.
There are no items here.
A mysterious force pulls you upwards. The hatch slams shut behind you.
There is an open door here.
There is an open door here.
Things that are here:
a +0 chain mail; a +0 scale mail Are you sure you want to abandon this character and quit the game? (Confirm with "yes".)

...............# #..#.##.#
..........###### ###........
#######.#.# #....รท...#. #.#.#
######+##.....#. #.#.#
#.............#. #.#.#
#.........#+#.#. ### #.#.#
#.........#.#.#. +.#
#.#.##########'####.#... #.#
#####.#....@.......####.#.#. #.#
#...#.##................#.#.
#.####...#[##.##############.#.#.
#'#..'...'.#.....................
....##...###..#############......
....##...#....# #..........##
....##...#.##.# #..........#
....######.##<# #..........#
....# #)#### #..........#


There were no monsters in sight!

Vanquished Creatures
  An ogre (D:5)
  2 phantoms
  A gnoll sergeant (D:5)
  A scorpion (D:5)
  A hound (D:5)
  2 iguanas
  An orc wizard (D:4)
  Terence (D:3)
  8 gnolls
  5 adders
  4 river rats (Sewer)
  An ufetubus (D:5)
  4 worms
  4 dart slugs
  7 orcs
  2 bats (D:3)
  5 endoplasms
  A giant cockroach (D:3)
  4 goblins
  8 hobgoblins
  4 jackals
  10 kobolds
  4 quokkas
  2 ball pythons (D:1)
  4 frilled lizards
  7 rats
94 creatures vanquished.

Notes
Turn   | Place    | Note
-------+----------+-------------------------------------------
     0 | D:1      | Saqittel the Gnoll Monk began the quest for the Orb.
     0 | D:1      | Reached XP level 1. HP: 23/23 MP: 1/1
    13 | D:1      | Noticed an electric eel
   104 | D:1      | Reached XP level 2. HP: 16/29 MP: 2/2
   284 | D:1      | Found Bievooh's Antique Weapon Emporium.
   347 | D:1      | Reached XP level 3. HP: 34/35 MP: 3/3
   783 | D:2      | Reached skill level 1 in Invocations
   905 | D:3      | Reached skill level 1 in Short Blades
   905 | D:3      | Reached skill level 1 in Long Blades
   905 | D:3      | Reached skill level 1 in Axes
   905 | D:3      | Reached skill level 1 in Maces & Flails
   905 | D:3      | Reached skill level 1 in Staves
   905 | D:3      | Reached skill level 1 in Ranged Weapons
   905 | D:3      | Reached skill level 1 in Throwing
   905 | D:3      | Reached skill level 1 in Armour
   905 | D:3      | Reached skill level 1 in Stealth
   905 | D:3      | Reached skill level 1 in Shields
   905 | D:3      | Reached skill level 1 in Unarmed Combat
   905 | D:3      | Reached skill level 1 in Spellcasting
   905 | D:3      | Reached skill level 1 in Evocations
   913 | D:3      | Found a hazy altar of Hepliaklqana.
   944 | D:3      | Reached XP level 4. HP: 35/41 MP: 5/5
   956 | D:3      | Reached skill level 1 in Conjurations
   956 | D:3      | Reached skill level 1 in Hexes
   956 | D:3      | Reached skill level 1 in Summonings
   956 | D:3      | Reached skill level 1 in Necromancy
   956 | D:3      | Reached skill level 1 in Translocations
   956 | D:3      | Reached skill level 1 in Transmutations
   956 | D:3      | Reached skill level 1 in Fire Magic
   956 | D:3      | Reached skill level 1 in Ice Magic
   956 | D:3      | Reached skill level 1 in Air Magic
   956 | D:3      | Reached skill level 1 in Earth Magic
   956 | D:3      | Reached skill level 1 in Poison Magic
   981 | D:3      | Noticed Terence
  1004 | D:3      | Killed Terence
  1306 | D:3      | Found a glowing drain.
  1324 | D:3      | Reached XP level 5. HP: 30/47 MP: 7/7
  1349 | Sewer    | Entered a sewer
  1981 | D:4      | Noticed a phantom
  1989 | D:4      | Killed a phantom
  1990 | D:4      | Reached XP level 6. HP: 52/53 MP: 8/8
  2411 | D:4      | Found an iron altar of Okawaru.
  2420 | D:4      | Became a worshipper of Warmaster Okawaru
  2420 | D:4      | Reached * piety under Okawaru
  2420 | D:4      | Reached ** piety under Okawaru
  2477 | D:5      | Entered Level 5 of the Dungeon
  2477 | D:5      | Found a stormy altar of Qazlal.
  2509 | D:5      | Reached XP level 7. HP: 29/60 MP: 10/10
  2917 | D:5      | Gained mutation: You are strong-willed. (Will+) [potion of
                  | mutation]
  2917 | D:5      | Gained mutation: You are highly strong-willed. (Will++)
                  | [potion of mutation]
  2917 | D:5      | Gained mutation: Your mind is acute. (Int +4, Str/Dex -1)
                  | [potion of mutation]
  3063 | D:4      | Quit the game

Illustrated notes

Levels and vault maps discovered:
D:1:      arrival_aquarium_a, layout_basic, serial_shops, shop,
          kennysheep_another_room
D:2:      layout_rooms
D:3:      layout_rooms, grunt_temple_overflow_magic_moments,
          nicolae_hepliaklqana_hazy_memory, cheibrodos_sewer_entry_bend,
          chequers_serial_rivers_large_b, chequers_arboretum,
          hangedman_decor_growths, roderic_malta_cross, uniq_terence
D:4:      layout_basic, okawaru_trees_1
D:5:      minmay_general_purpose_star, layout_basic, grunt_qazlal_sundering,
          trog_antimagical

Skill      XL: |  1  2  3  4  5  6  7 |
---------------+----------------------+-----
Invocations    | 1 2 3 |  3.1
Short Blades   | 1 2 |  2.8
Long Blades    | 1 2 |  2.8
Axes           | 1 2 |  2.8
Maces & Flails | 1 2 |  2.8
Staves         | 1 2 |  2.8
Ranged Weapons | 1 2 |  2.8
Throwing       | 1 2 |  2.8
Armour         | 1 2 |  2.8
Stealth        | 1 2 |  2.8
Shields        | 1 2 |  2.8
Unarmed Combat | 1 2 |  2.8
Spellcasting   | 1 2 |  2.8
Evocations     | 1 2 |  2.8
Conjurations   | 1 2 |  2.3
Hexes          | 1 2 |  2.3
Summonings     | 1 2 |  2.3
Necromancy     | 1 2 |  2.3
Translocations | 1 2 |  2.3
Transmutations | 1 2 |  2.3
Fire Magic     | 1 2 |  2.3
Ice Magic      | 1 2 |  2.3
Air Magic      | 1 2 |  2.3
Earth Magic    | 1 2 |  2.3
Poison Magic   | 1 2 |  2.3
Fighting       | 7 |  7.2
Polearms       | 7 |  7.2
Dodging        | 7 |  7.2

Action                     |  1- 3 |  4- 6 |  7- 9 || total
---------------------------+-------+-------+-------++-------
  Melee: Spear             |   107 |    31 |       ||   138
         Bite              |     9 |    22 |     2 ||    33
         Flail             |       |   123 |    35 ||   158
    Use: Scroll            |     1 |     7 |       ||     8
         Potion            |       |     6 |     1 ||     7
   Stab: Paralysed         |       |     1 |       ||     1
 Armour: Ring mail         |    10 |    22 |       ||    32
         Scale mail        |       |    26 |    11 ||    37
  Dodge: Dodged            |    60 |    94 |    24 ||   178
